[Event "*** SCC Grand Prix: Titled Tuesday Blitz"]
[Site "Chess.com"]
[Date "2020.07.07"]
[Round "6"]
[White "vangulio"]
[Black "GMaka"]
[Result "1-0"]
[WhiteElo "2473"]
[BlackElo "2321"]
[TimeControl "180+1"]
[EndTime "11:06:42 PDT"]
[Termination "vangulio won by resignation"]

1. d4 d5 2. Nf3 c6 3. c4 Nf6 4.
Nc3 dxc4 5. a4 Bf5 6. e3 Nbd7 7. Bxc4 Nb6 8. Bb3 e6 9. a5 Nbd5 10. O-O Bb4 11. a6 b5 12. Ne5 Rc8 13. Bd2 Nxc3 14. bxc3 Bd6 15. c4 Bxe5 16. dxe5 Ne4 17. Ba5 Qxd1 18. Rfxd1 Nc5 19. Ba2 Nxa6 20. Rac1 b4 21. c5 Be4 22. Rd6 Bd5 23. Bb1 O-O 24. Bd3 Nc7 25.
Bxb4 Nb5 26. Rd7 a6 27. e4 Bb3 28. Rb1 Ba4 29. Ra1 Bb3 30. Rxa6 h5 31. h4 Rfd8 32. Rxd8+ Rxd8 33. Be2 Nd4 34. Bxh5 g6 35. Bg4 Bc4 36. Rb6 Bb5 37. Kh2 Nc2 38. Ba5 Rd4 39. Bf3 Rd2 40. Rb8+ Kg7 41. Bxd2 1-0

[Event "*** SCC Grand Prix: Titled Tuesday Blitz"]
[Site "Chess.com"]
[Date "2020.07.07"]
[Round "6"]
[White "dey2580"]
[Black "JSMastropiero"]
[Result "0-1"]
[WhiteElo "2566"]
[BlackElo "2435"]
[TimeControl "180+1"]
[EndTime "11:06:43 PDT"]
[Termination "JSMastropiero won on time"]

1. d4 Nf6 2. Nf3 g6 3. g3 Bg7 4. Bg2 O-O 5. O-O d5 6. Ne5 c5 7. dxc5 Qc7 8. Nd3 e5 9. Nc3 e4 10. Bf4 Qa5 11. b4 Qa3 12. Nb5 Qa4 13. Nc3 Qa3 14. Nb5 Qa4 15. Nc7 exd3 16. cxd3 Qxb4 17. Nxa8 Na6 18. Bd6 Re8 19. Nc7 Nxc7 20. Bxc7 Qxc5 21.
Rc1 Qa3 22. Qc2 Bg4 23. Rfe1 Rc8 24. Qb3 Qe7 25. Qxb7 Ne8 26. Bxd5 Rxc7 27. Rxc7 Nxc7 28. Qb8+ Bf8 29. Bc4 Be6 30. Rc1 Bxc4 31. Rxc4 Ne6 32. h4 h5 33. Kg2 Kh7 34. e4 Qa3 35. Qe8 Kg7 36. Rc8 Qxd3 37. Qc6 Nd4 38. Qd5 Qf3+ 39. Kg1 Ne2+ 40. Kf1 Nxg3+ 0-1

[Event "*** SCC Grand Prix: Titled Tuesday Blitz"]
[Site "Chess.com"]
[Date "2020.07.07"]
[Round "6"]
[White "Balla_Tamas"]
[Black "saraswathii"]
[Result "1-0"]
[WhiteElo "2515"]
[BlackElo "2341"]
[TimeControl "180+1"]
[EndTime "11:06:43 PDT"]
[Termination "Balla_Tamas won by resignation"]

1. d4 Nc6 2. d5 Ne5 3. e4 Ng6 4. h4 h5 5. Be3 e6 6. dxe6 dxe6 7. Qxd8+ Kxd8 8. f3 Nf6 9. Nd2 Bd6 10. Kf2 Ke7 11.
Nc4 e5 12. Nxd6 cxd6 13. c4 Be6 14. b3 b6 15. Bd3 Nd7 16. Ne2 Nc5 17. Bc2 a5 18.
Rhd1 Rhd8 19. Rd2 f6 20. g3 Nh8 21. Rad1 Nf7 22. Nc3 Rd7 23. a3 g6 24. Nb5 a4 25. b4 Nb3 26. Bxb3 axb3 27. Rc1 Rc8 28.
Bxb6 Rxc4 29. Rxc4 Bxc4 30. Nc3 Rb7 31. Be3 Nd8 32. Rb2 Ne6 33. Ke1 Nd4 34. Bxd4 exd4 35. Nb1 Ra7 36. Nd2 Be6 37. Nxb3 Rxa3 38. Nxd4 Bd7 39. Kd2 d5 40. exd5 Kd6 41. Rb3 Rxb3 42. Nxb3 Kxd5 43. Kc3 Ke5 44. Nd4 g5 45. Kd3 gxh4 46.
gxh4 Kf4 47. Ke2 Kg3 48. b5 Kxh4 49. Kf2 Kg5 50. b6 Bc8 51. Ne6+ Kf5 52. Nc5 Kf4 53. b7 Bxb7 54. Nxb7 h4 55. Nc5 h3 56. Nd3+ Kf5 57. Kg3 1-0

[Event "*** SCC Grand Prix: Titled Tuesday Blitz"]
[Site "Chess.com"]
[Date "2020.07.07"]
[Round "6"]
[White "RaphCamora"]
[Black "mortngabriel"]
[Result "1-0"]
[WhiteElo "2457"]
[BlackElo "2320"]
[TimeControl "180+1"]
[EndTime "11:06:43 PDT"]
[Termination "RaphCamora won on time"]

1. e4 c5 2. Nf3 d6 3. d4 cxd4 4.
Nxd4 Nf6 5. Nc3 g6 6. Be3 Bg7 7. f3 O-O 8. Qd2 Nc6 9. Bc4 Bd7 10. O-O-O Rc8 11. Bb3 Nxd4 12. Bxd4 b5 13. h4 a5 14. a3 b4 15. axb4 axb4 16. Nd5 Nxd5 17. Bxg7 Kxg7 18. exd5 Qa5 19. Qd4+ Kg8 20. h5 Bf5 21. hxg6 Bxg6 22. Kd2 e5 23. dxe6 Qg5+ 24. Ke1 Rfe8 25. Kf2 Rxe6 26. Rd2 Re5 27. f4 Rf5 28. g3 Qe7 29. Re1 Qb7 30. Qxd6 Rh5 31. Bd5 Rh2+ 32. Kg1 Rxd2 33.
Bxb7 Rxd6 34. Bxc8 Rc6 35. Bd7 Rxc2 36. b3 Rc3 37. g4 1-0

[Event "*** SCC Grand Prix: Titled Tuesday Blitz"]
[Site "Chess.com"]
[Date "2020.07.07"]
[Round "6"]
[White "mfwagnerpeixoto"]
[Black "juniortay"]
[Result "0-1"]
[WhiteElo "2211"]
[BlackElo "2365"]
[TimeControl "180+1"]
[EndTime "11:06:43 PDT"]
[Termination "juniortay won by resignation"]

1. e4 e5 2. Nf3 Nf6 3. Nc3 Nc6 4. g3 Nxe4 5. Nxe4 d5 6. Nc3 d4 7. Bg2 dxc3 8. bxc3 Bd6 9. O-O O-O 10. d3 Bg4 11.
Rb1 Rb8 12. h3 Bh5 13. Qe1 f5 14. Nd2 Qf6 15. Nc4 Kh8 16. Ne3 f4 17. Nd5 Qg6 18. Be4 Qf7 19. g4 Bg6 20. f3 Nd8 21. c4 c6 22. Nc3 Bc5+ 23. Kg2 Ne6 24. h4 Nd4 25.
Bxg6 Qxg6 26. Qxe5 b6 27. Qe4 Nxc2 28. Qxg6 hxg6 29.
Ne4 Bd4 30. Bd2 b5 31. c5 b4 32. Rh1 Kg8 33. h5 Kf7 34. Nd6+ Ke6 35. hxg6 Ne3+ 36.
Bxe3 fxe3 37. Nf5 Bxc5 38. Rhe1 Kd5 39. Nxe3+ Bxe3 40. Rxe3 Rf6 41. Re4 a5 42. Rc1 c5 43.
Rf4 Rxf4 0-1

[Event "*** SCC Grand Prix: Titled Tuesday Blitz"]
[Site "Chess.com"]
[Date "2020.07.07"]
[Round "6"]
[White "Aguiar94"]
[Black "Beca95"]
[Result "0-1"]
[WhiteElo "2520"]
[BlackElo "2895"]
[TimeControl "180+1"]
[EndTime "11:06:44 PDT"]
[Termination "Beca95 won by resignation"]

1. e4 c6 2. d4 d5 3. e5 c5 4.
dxc5 e6 5. a3 Bxc5 6. b4 Bb6 7.
Nf3 a5 8. b5 Nd7 9. Bb2 Ne7 10.
Nbd2 a4 11. c4 O-O 12. Bd3 Ng6 13. O-O Nc5 14. Bc2 Bd7 15. Rb1 dxc4 16. Nxc4 Bxb5 17. Nxb6 Qxb6 18. Bd4 Qc6 19. Re1 Rfd8 20. Qc1 Nd3 21. Bxd3 Bxd3 22. Rb6 Qxc1 23. Rxc1 Be4 24. Rb4 Rac8 25.
Rxc8 Rxc8 26. Be3 Bxf3 27. gxf3 Nxe5 28. f4 Nc4 29. Rxa4 h5 30. Rb4 Nxa3 31. Rxb7 Nc4 32.
Bd4 Nd6 33. Rd7 Nf5 34. Be5 Rc2 35. Rd8+ Kh7 36. Rd7 Kg6 37. Rd3 f6 38. Bc3 Nh4 39.
Kf1 Kf5 40. Bd2 Ra2 41. Rd7 Nf3 42. Bc3 Nxh2+ 43. Kg2 Ng4 44. Bd4 Rd2 45. Rd8 Ne3+ 46. Kf3 Nc2 47. Bxf6 Rxd8 48. Bxd8 Ne1+ 49. Ke2 Ng2 50.
Kf3 Nxf4 51. Bc7 g5 52. Bb8 h4 53. Bc7 e5 54. Bd8 e4+ 55. Ke3 h3 0-1

[Event "*** SCC Grand Prix: Titled Tuesday Blitz"]
[Site "Chess.com"]
[Date "2020.07.07"]
[Round "6"]
[White "sri5996"]
[Black "MashaFromRussia"]
[Result "0-1"]
[WhiteElo "2286"]
[BlackElo "2437"]
[TimeControl "180+1"]
[EndTime "11:06:44 PDT"]
[Termination "MashaFromRussia won by checkmate"]

1. d4 Nf6 2. Nc3 d5 3. Bf4 e6 4. e3 Be7 5. Nf3 O-O 6. Bd3 c5 7. dxc5 Bxc5 8. O-O Nc6 9. e4 dxe4 10. Nxe4 Nxe4 11.
Bxe4 Qf6 12. Qc1 Nd4 13. Nxd4 Qxd4 14. Bd3 e5 15. Be3 Qd6 16. Rd1 Bxe3 17. Qxe3 Qf6 18. Qe4 g6 19. Re1 Re8 20. Rad1 Bf5 21. Qxb7 Rab8 22. Qxa7 Rxb2 23. Qa3 Reb8 24. Bxf5 Qxf5 25. Rd8+ Rxd8 26. Qxb2 Rd2 27. f3 e4 28. Qc3 Qg5 29. Qc8+ Kg7 30. Qg4 Qc5+ 31. Kh1 e3 32. Qe4 Qxc2 33.
Qxe3 Rxg2 34. Qe5+ f6 35. Qe7+ Kh6 36. Qe3+ g5 37. h4 Rh2+ 38. Kg1 Qg2# 0-1

[Event "*** SCC Grand Prix: Titled Tuesday Blitz"]
[Site "Chess.com"]
[Date "2020.07.07"]
[Round "6"]
[White "RestartingChess"]
[Black "IMUffeVinther-Schou"]
[Result "1-0"]
[WhiteElo "2498"]
[BlackElo "2275"]
[TimeControl "180+1"]
[EndTime "11:06:45 PDT"]
[Termination "RestartingChess won on time"]

1. e4 c5 2. Nf3 e6 3. b3 b6 4. Bb2 Bb7 5. Nc3 Nc6 6. Bb5 Nd4 7. Bd3 Ne7 8. Nxd4 cxd4 9. Nb5 d5 10. exd5 Bxd5 11.
Qg4 e5 12. Ba3 Ng6 13. Bxf8 Kxf8 14. Be4 Nf4 15. Bxd5 Qxd5 16. Nc7 Qe4+ 17. Kf1 h5 18. Qf3 Qxf3 19. gxf3 Rc8 20. Nb5 Rxc2 21. Nxa7 Ke7 22. Ke1 Ra8 23. Kd1 Rc5 24. b4 Rc4 25. Nb5 Rxb4 26.
Nc7 Rc8 27. Rc1 Rb2 28. Nd5+ Kd8 29. Nxf4 exf4 30. Rxc8+ Kxc8 31. Ke2 Rxa2 32. Rc1+ Kd7 33. Rc4 Ke6 34. Rxd4 g5 35. h4 f6 36. Rb4 Ra6 37. Rb5 Ra5 38. Rxb6+ Kf5 39. hxg5 Re5+ 40.
Kf1 fxg5 41. Kg2 g4 42. fxg4+ 1-0

[Event "*** SCC Grand Prix: Titled Tuesday Blitz"]
[Site "Chess.com"]
[Date "2020.07.07"]
[Round "6"]
[White "eljanov"]
[Black "RobertoJBM"]
[Result "1-0"]
[WhiteElo "2882"]
[BlackElo "2707"]
[TimeControl "180+1"]
[EndTime "11:06:46 PDT"]
[Termination "eljanov won by resignation"]

1. e4 c6 2. d4 d5 3. exd5 cxd5 4. Bd3 Nc6 5. c3 Nf6 6. Bf4 g6 7. Nf3 Nh5 8. Be3 Qc7 9. Qd2 Bg7 10. h3 O-O 11.
O-O Bd7 12. Na3 a6 13. Bh6 Rae8 14. Rfe1 e6 15. Nc2 b5 16. g4 Nf6 17. Ne5 Nxe5 18.
dxe5 Ne4 19. Bxe4 dxe4 20. Bxg7 Kxg7 21. Rxe4 Bc6 22. Re3 Rd8 23. Nd4 Rd5 24. Rae1 Rfd8 25. b4 Bb7 26. Kh2 Qc4 27. Rd3 Qc7 28. Qf4 Qe7 29.
a3 h6 30. Kg3 R8d7 31. h4 Rd8 32. g5 h5 33. Qf6+ Qxf6 34. gxf6+ Kh6 35. Kf4 Rg8 36. Rg1 Rc8 37. Rgg3 Rc4 38. Rge3 Bc8 39. Kg3 Bb7 40. f4 a5 41. Nf3 Rxd3 42. Rxd3 Bxf3 43. Kxf3 a4 44.
Ke3 Kh7 45. Rd7 Rxc3+ 46. Kd2 Rxa3 47. Rxf7+ Kh6 48. Rf8 Kh7 49. Rb8 Rf3 50. f7 Rxf4 51. f8=Q 1-0

[Event "*** SCC Grand Prix: Titled Tuesday Blitz"]
[Site "Chess.com"]
[Date "2020.07.07"]
[Round "6"]
[White "Shuvalov"]
[Black "Anton_Demchenko"]
[Result "0-1"]
[WhiteElo "2517"]
[BlackElo "2857"]
[TimeControl "180+1"]
[EndTime "11:06:46 PDT"]
[Termination "Anton_Demchenko won by checkmate"]

1. Nf3 Nf6 2. c4 g6 3. Nc3 Bg7 4. e4 O-O 5. d4 d6 6. Be2 e5 7.
O-O Nbd7 8. Be3 Ng4 9. Bg5 f6 10. Bh4 Kh8 11. b4 Nh6 12. Rc1 Nf7 13. d5 h5 14. Bg3 Bh6 15. Nd2 Kg7 16. f4 exf4 17. Bxf4 Bxf4 18. Rxf4 a5 19. a3 axb4 20. axb4 Nde5 21.
Nb3 Bd7 22. c5 Qe7 23. Nb5 Bxb5 24. Bxb5 c6 25. Be2 cxd5 26. exd5 Rfc8 27. Nd4 Nd8 28. c6 bxc6 29. dxc6 Ndxc6 30. Nxc6 Rxc6 31. Rxc6 Nxc6 32. Bf3 Qe3+ 33. Kh1 Qxf4 34. Bxc6 Ra3 35. g3 Qe5 36. Kg2 Ra2+ 37. Kh3 Qf5+ 38. g4 hxg4+ 39. Qxg4 Ra3+ 40. Kh4 g5+ 41. Kh5 Qh7# 0-1

[Event "*** SCC Grand Prix: Titled Tuesday Blitz"]
[Site "Chess.com"]
[Date "2020.07.07"]
[Round "6"]
[White "BlackBoarder"]
[Black "CroissantNeuf"]
[Result "1-0"]
[WhiteElo "2593"]
[BlackElo "2416"]
[TimeControl "180+1"]
[EndTime "11:06:46 PDT"]
[Termination "BlackBoarder won on time"]

1. e4 c6 2. Nf3 d5 3. Nc3 dxe4 4. Nxe4 Nf6 5. Nxf6+ exf6 6. Bc4 Bd6 7. Qe2+ Qe7 8.
Qxe7+ Kxe7 9. O-O Rd8 10. Re1+ Kf8 11. d4 Bg4 12. Nh4 Nd7 13. h3 Bh5 14. Nf5 Bc7 15.
b3 Ba5 16. Ba3+ Kg8 17. Re7 b5 18. Bd3 Bc3 19. Rb1 b4 20. Bb2 Bxb2 21. Rxb2 Nb6 22.
Rc7 Nd5 23. Rxc6 Bg6 24. Rb1 Bxf5 25. Bxf5 Ne7 26. Rc5 Nxf5 27. Rxf5 Rxd4 28. Rc5 g6 29. Re1 Rad8 30. Rc7 R8d7 31. Re7 Rxe7 32. Rxe7 Rd1+ 33. Kh2 Rd2 34. Rxa7 Rxc2 35. Kg3 Kg7 36. Kf3 f5 37. Ra6 h5 38. h4 Kg8 39. g3 Kg7 40. Ke3 Kg8 41. Ra4 Kg7 42. f3 Rg2 43. Kf4 Rb2 44.
Ke5 Kg8 45. Kf6 1-0

[Event "*** SCC Grand Prix: Titled Tuesday Blitz"]
[Site "Chess.com"]
[Date "2020.07.07"]
[Round "6"]
[White "Artem_Koval"]
[Black "PavelShkapenko"]
[Result "1/2-1/2"]
[WhiteElo "2437"]
[BlackElo "2589"]
[TimeControl "180+1"]
[EndTime "11:06:46 PDT"]
[Termination "Game drawn by repetition"]

1. e4 e5 2. d4 exd4 3. Bc4 Nc6 4. Nf3 Bc5 5. O-O Nf6 6. c3 dxc3 7. Nxc3 d6 8. Bg5 h6 9. Bh4 g5 10. Bg3 Bg4 11. Qd3 Qd7 12. a3 O-O-O 13. b4 Bb6 14. Bb5 Kb8 15. Nd5 Nh5 16. a4 Bxf3 17. Qxf3 Nxg3 18.
hxg3 Nd4 19. Qd3 Nxb5 20. axb5 Rhe8 21. Nxb6 cxb6 22. Qa3 Qxb5 23. Qxa7+ Kc7 24. Rfc1+ Kd7 25. Qxb7+ Ke6 26. e5 Qd5 27. Qxb6 Rb8 28. Qe3 Qxe5 29. Qf3 Qf5 30. Qb3+ Kf6 31. Ra7 Kg7 32. Rcc7 Rf8 33. Rd7 Rb5 34. Rxd6 Re5 35. Qc3 Kh7 36. Raa6 Re6 37.
Rxe6 fxe6 38. Ra7+ Rf7 39. Rxf7+ Qxf7 40. b5 Qd7 41. b6 Qd1+ 42. Kh2 Qh5+ 43. Kg1 Qd1+ 44. Kh2 Qh5+ 45. Kg1 Qd1+ 1/2-1/2

[Event "*** SCC Grand Prix: Titled Tuesday Blitz"]
[Site "Chess.com"]
[Date "2020.07.07"]
[Round "6"]
[White "MrTattaglia"]
[Black "Sanan_Sjugirov"]
[Result "0-1"]
[WhiteElo "2920"]
[BlackElo "2834"]
[TimeControl "180+1"]
[EndTime "11:06:47 PDT"]
[Termination "Sanan_Sjugirov won by resignation"]

1. Nf3 Nf6 2. g3 b5 3. Bg2 Bb7 4. Na3 b4 5. Nc4 a5 6. O-O e6 7. d4 Be7 8. a3 O-O 9. Re1 d5 10.
Nce5 Nbd7 11. c4 bxc3 12. bxc3 Nxe5 13. Nxe5 Nd7 14. Rb1 Rb8 15. Nd3 Ba6 16. Bf4 Rxb1 17. Qxb1 c5 18. a4 cxd4 19. cxd4 Qb6 20. Qa1 Bxd3 21.
exd3 Rc8 22. h4 Bb4 23. Rb1 Qa6 24. Bf1 h6 25. Be3 Nf6 26. Rc1 Ng4 27. Bf4 Rc6 28.
Be2 Nf6 29. Kg2 Qc8 30. Rxc6 Qxc6 31. Qb1 Qxa4 32. g4 Qd7 33. g5 hxg5 34. hxg5 Nh7 35. Qc2 Nf8 36. Be3 Ng6 37. Qb3 Nh4+ 38. Kf1 Nf5 39.
Bd1 Nxe3+ 40. fxe3 g6 41. Qa4 Qd8 42. Kf2 Kg7 43.
Qc6 Qxg5 44. Qd7 Bd2 45. e4 Be3+ 46. Kf3 Qf4+ 47. Kg2 Qf2+ 48. Kh3 Bf4 0-1

[Event "*** SCC Grand Prix: Titled Tuesday Blitz"]
[Site "Chess.com"]
[Date "2020.07.07"]
[Round "6"]
[White "Rish_97"]
[Black "rpragchess"]
[Result "0-1"]
[WhiteElo "2661"]
[BlackElo "2815"]
[TimeControl "180+1"]
[EndTime "11:06:47 PDT"]
[Termination "rpragchess won by resignation"]

1. Nf3 Nf6 2. c4 g6 3. b4 Bg7 4. Bb2 O-O 5. g3 d6 6. Bg2 e5 7. d3 a5 8. b5 Nbd7 9. O-O Nc5 10. Nfd2 a4 11. Ba3 e4 12. d4 e3 13. dxc5 exf2+ 14. Kh1 Ng4 15. Qc1 Ne3 16. Nc3 Nxf1 17. Nxf1 dxc5 18.
Bxc5 Re8 19. Bxf2 Qf6 20. Be1 c6 21. Rb1 Bf5 22. e4 Be6 23. bxc6 bxc6 24. Ne2 a3 25. Bc3 Qf2 26. Bxg7 Kxg7 27. Nc3 Bxc4 28. Ne3 Bxa2 29. Ng4 Qd4 30. Nxa2 h5 31. Ne3 Reb8 32. Ra1 Rb2 33.
Nc3 Qd3 34. Rxa3 Rxa3 35. Qxb2 Qxc3 36. Qxc3+ Rxc3 37. h4 Rxe3 0-1

[Event "*** SCC Grand Prix: Titled Tuesday Blitz"]
[Site "Chess.com"]
[Date "2020.07.07"]
[Round "6"]
[White "volcanoexplorer"]
[Black "DeviatkinAndrey"]
[Result "0-1"]
[WhiteElo "2585"]
[BlackElo "2733"]
[TimeControl "180+1"]
[EndTime "11:06:47 PDT"]
[Termination "DeviatkinAndrey won on time"]

1. e4 c6 2. d4 d5 3. exd5 cxd5 4.
Bd3 Nc6 5. c3 Nf6 6. h3 g6 7. Nf3 Bf5 8. Be2 Bg7 9. O-O O-O 10.
Re1 Ne4 11. Nbd2 e5 12. dxe5 Nxe5 13. Nxe5 Bxe5 14. Nf3 Bc7 15. Be3 Re8 16. Nd4 Qd6 17. Nf3 Re7 18. Qb3 Ng3 19. Bb5 Nh5 20. Qb4 Qxb4 21. cxb4 Bd7 22. Bf1 b6 23. b5 Rae8 24. Red1 Ng3 25. Rxd5 Nxf1 26. Kxf1 Be6 27. Rd2 Bc4+ 28.
Kg1 Bxb5 29. Nd4 Bd7 30. Rad1 f6 31. Ne2 Be6 32. Nc3 Kf7 33. Nd5 Bxd5 34. Rxd5 f5 35. g3 Bxg3 36. Bg5 Re1+ 37. Rxe1 Rxe1+ 38. Kg2 Be5 39. Rd7+ Ke6 40. Rxa7 h5 41. f4 Bd6 0-1

[Event "*** SCC Grand Prix: Titled Tuesday Blitz"]
[Site "Chess.com"]
[Date "2020.07.07"]
[Round "6"]
[White "DarkAlekhine"]
[Black "turayev_shahruh17"]
[Result "1-0"]
[WhiteElo "2633"]
[BlackElo "2481"]
[TimeControl "180+1"]
[EndTime "11:06:47 PDT"]
[Termination "DarkAlekhine won on time"]

1. e4 e6 2. d4 d5 3. Nc3 Bb4 4. e5 Ne7 5. a3 Bxc3+ 6. bxc3 c5 7. a4 Qc7 8. Nf3 h6 9. Bd3 b6 10. O-O Ba6 11. Ba3 Bxd3 12. cxd3 O-O 13. Nd2 Nd7 14. Nb3 Rfc8 15. Rc1 Qb7 16. dxc5 bxc5 17. d4 c4 18. Nd2 Nf8 19. Rb1 Qc6 20. Bxe7 Ng6 21. Bc5 Nxe5 22.
dxe5 Qxc5 23. Nf3 Qa3 24. Qc2 Rab8 25. Nd4 a6 26. g3 Kh8 27. h4 Kg8 28. Kg2 Kh8 29.
Ra1 Qe7 30. Rfb1 Qc7 31. Qe2 Kg8 32. Qe3 Qd7 33. a5 Qc7 34. g4 Qd8 35. g5 hxg5 36. hxg5 Rxb1 37. Rxb1 Qxa5 38. Rh1 Qd8 39. Qf4 a5 40. Qh4 1-0

[Event "*** SCC Grand Prix: Titled Tuesday Blitz"]
[Site "Chess.com"]
[Date "2020.07.07"]
[Round "6"]
[White "queen_iryna"]
[Black "RoelandPruijssers"]
[Result "0-1"]
[WhiteElo "2251"]
[BlackElo "2612"]
[TimeControl "180+1"]
[EndTime "11:06:47 PDT"]
[Termination "RoelandPruijssers won by checkmate"]

1. d4 f5 2. Nc3 Nf6 3. Bg5 d5 4. Bxf6 exf6 5. e3 Be6 6. Bd3 Qd7 7. Qf3 Nc6 8. a3 h5 9. Nge2 h4 10. Nf4 Ne7 11. Nxe6 Qxe6 12. Nb5 Qd7 13. Qf4 Kd8 14. c4 h3 15. Rg1 hxg2 16. c5 g5 17. Qg3 f4 18.
exf4 Rh3 19. Qxg2 Rxd3 20. a4 Nf5 21. Ke2 Rb3 22. Rab1 Nh4 23. Qg4 Qe8+ 24. Kd1 Nf3 25. Qf5 Qe4 26. Qxe4 dxe4 27. Rg3 gxf4 28. Rg8 Kd7 29. d5 a6 30. Nc3 Rb4 31. Ke2 Re8 32. a5 Bxc5 33. Rg7+ Kd6 34. Rg6 Ke5 35. Rg7 Kf5 36.
Rh7 Bd4 37. Rh5+ Kg6 38. Rh3 Bxc3 39. Rc1 Rxb2+ 40. Kf1 Kf5 41. Rxc3 Rb1+ 42. Ke2 Re1# 0-1

[Event "*** SCC Grand Prix: Titled Tuesday Blitz"]
[Site "Chess.com"]
[Date "2020.07.07"]
[Round "6"]
[White "alexrustemov"]
[Black "ArjunErigaisi2003"]
[Result "0-1"]
[WhiteElo "2727"]
[BlackElo "3019"]
[TimeControl "180+1"]
[EndTime "11:06:48 PDT"]
[Termination "ArjunErigaisi2003 won by resignation"]

1. Nf3 Nf6 2. g3 d5 3. Bg2 Bf5 4. O-O c6 5. d3 e6 6. Nbd2 Be7 7. c4 O-O 8. b3 a5 9. a3 h6 10. Bb2 Nbd7 11. Qc2 Bh7 12. Bc3 b5 13. cxb5 cxb5 14. Bd4 Qb8 15. Qb2 Bd6 16. Bxf6 Nxf6 17. Rfc1 Rc8 18. Nd4 Qb6 19. b4 axb4 20. axb4 Rxa1 21. Rxa1 e5 22. Bh3 Re8 23. Nf5 Bf8 24. Ne3 d4 25. Nc2 Nd5 26. Ra5 Nxb4 27. Nb3 Nd5 28. Qa1 Nc3 29. Bf1 Qc6 30. Ra7 Nxe2+ 31. Bxe2 Qxc2 32.
Qa2 Qxa2 33. Rxa2 Bf5 34. Ra5 Rb8 35. f3 Be6 36. Bd1 Bb4 37. Ra7 Rc8 38. Kf2 Rc3 39.
Nd2 Rxd3 40. Ra8+ Bf8 41. Bc2 Rxd2+ 42. Ke1 Rxc2 0-1

[Event "*** SCC Grand Prix: Titled Tuesday Blitz"]
[Site "Chess.com"]
[Date "2020.07.07"]
[Round "6"]
[White "Kotofeyca"]
[Black "GelmanAlexander"]
[Result "0-1"]
[WhiteElo "2348"]
[BlackElo "2538"]
[TimeControl "180+1"]
[EndTime "11:06:48 PDT"]
[Termination "GelmanAlexander won on time"]

1. d4 Nf6 2. c4 c5 3. Nf3 cxd4 4. Nxd4 d6 5. Nc3 Nbd7 6. g3 e6 7. Bg2 a6 8. O-O Be7 9. b3 O-O 10. Ba3 Qc7 11. Rc1 Ne5 12. Qd2 Rd8 13. Rfd1 Bd7 14. Ne4 Nxe4 15. Bxe4 Rac8 16. Nf3 Nxf3+ 17. Bxf3 Bc6 18.
Qf4 h6 19. h4 Bf8 20. Bxc6 bxc6 21. Qd2 Qb8 22. Qa5 Qb7 23. Rd2 c5 24. Rcd1 Be7 25. Bb2 Qc6 26. Qc3 Bf8 27. Qc2 d5 28. cxd5 exd5 29.
e4 d4 30. Qc4 a5 31. f3 a4 32.
Qxa4 Qxa4 33. bxa4 Ra8 34. Rc2 Rxa4 35. a3 Rb8 36.
Kf2 Rb3 37. Ke2 g5 38. Rd3 Rb6 39. hxg5 hxg5 40. f4 Rh6 41. Kf3 g4+ 42. Kxg4 Rh1 43. e5 Re1 44. Kf5 Ra6 45. g4 Rb6 46. g5 Be7 47.
Bc1 Rb1 48. Bd2 Re2 49. Rh3 Rd1 0-1

[Event "*** SCC Grand Prix: Titled Tuesday Blitz"]
[Site "Chess.com"]
[Date "2020.07.07"]
[Round "6"]
[White "chesslh19"]
[Black "MacDaddyMac"]
[Result "0-1"]
[WhiteElo "2129"]
[BlackElo "2299"]
[TimeControl "180+1"]
[EndTime "11:06:49 PDT"]
[Termination "MacDaddyMac won by resignation"]

1. e4 e6 2. d4 d5 3. Nd2 Nf6 4.
e5 Nfd7 5. Bd3 c5 6. c3 Nc6 7.
Ne2 f5 8. exf6 Nxf6 9. O-O Qc7 10. Nf3 c4 11. Bc2 Bd6 12. Bg5 Bd7 13. Bh4 O-O-O 14.
b3 cxb3 15. axb3 h6 16. Bg3 g5 17. c4 a6 18. c5 Bxg3 19. fxg3 Ne4 20. Nd2 Nxd2 21.
Qxd2 Rdf8 22. Rxf8+ Rxf8 23. Rf1 Rxf1+ 24. Kxf1 Qd8 25.
Qe3 Qf6+ 26. Qf3 Qg7 27. Qe3 Kc7 28. Ke1 e5 29. dxe5 Qxe5 30. Qxe5+ Nxe5 31. Nd4 Nc6 32. Nf3 Nb4 33. Kd2 Kc6 34. Ne5+ Kc7 35. Nf7 Nxc2 36. Kxc2 Be6 37. Ne5 a5 38. Kc3 d4+ 39. Kxd4 Bxb3 40. Kc3 Be6 41. h4 g4 42. Ng6 Kc6 43. Kd4 a4 44. Ne5+ Kb5 45. Nd3 a3 46. Kc3 Kc6 47.
Ne5+ Kxc5 48. Ng6 b5 49. Nf4 b4+ 50. Kc2 Bf7 51. Nd3+ Kb5 52. Ne5 Be6 53. Ng6 Bf5+ 0-1

[Event "*** SCC Grand Prix: Titled Tuesday Blitz"]
[Site "Chess.com"]
[Date "2020.07.07"]
[Round "6"]
[White "Matibar"]
[Black "Duhless"]
[Result "1/2-1/2"]
[WhiteElo "2747"]
[BlackElo "3053"]
[TimeControl "180+1"]
[EndTime "11:06:50 PDT"]
[Termination "Game drawn by repetition"]

1. e4 c5 2. Ne2 Nc6 3. Nbc3 g6 4. g3 Bg7 5. Bg2 d6 6. d3 Nf6 7. h4 Rb8 8. a4 a6 9. Nd5 Bg4 10. f3 Bd7 11. Nxf6+ Bxf6 12. h5 g5 13. h6 O-O 14.
c3 Kh8 15. Be3 b5 16. axb5 axb5 17. d4 b4 18. O-O bxc3 19. bxc3 cxd4 20. cxd4 Rb2 21.
Rf2 Qb6 22. Bf1 d5 23. Rc1 e5 24. exd5 exd4 25. dxc6 dxe3 26. Qxd7 exf2+ 27. Kg2 g4 28. Qxg4 Qc7 29. Qf5 Qe5 30. Qxe5 Bxe5 31. f4 Bc7 32. Kxf2 Re8 33. Kf3 Re6 34. Nd4 Rxh6 35. Re1 Rg6 36. Re8+ Kg7 37. Bd3 Bb6 38. Bxg6 hxg6 39. Ne2 Rb3+ 40.
Kg2 Rb2 41. Kf1 Rb1+ 42. Kg2 Rb2 43. Kf1 Rb1+ 44. Kg2 Rb2 1/2-1/2

[Event "*** SCC Grand Prix: Titled Tuesday Blitz"]
[Site "Chess.com"]
[Date "2020.07.07"]
[Round "6"]
[White "yamalchess"]
[Black "Mikhail_Golubev"]
[Result "0-1"]
[WhiteElo "2449"]
[BlackElo "2610"]
[TimeControl "180+1"]
[EndTime "11:06:50 PDT"]
[Termination "Mikhail_Golubev won by checkmate"]

1. d4 Nf6 2. c4 g6 3. Nc3 Bg7 4. e4 d6 5. h3 O-O 6. Bg5 Na6 7. Bd3 Qe8 8. Nge2 e5 9. d5 Nh5 10. g4 Nf4 11. Nxf4 exf4 12. Bxf4 f5 13. Be3 f4 14. Bd2 Nc5 15. Qf3 Nd7 16. O-O-O a6 17. Qe2 f3 18.
Qf1 Nc5 19. Bc2 b5 20. cxb5 axb5 21. Qxb5 Bxc3 22. Qxe8 Bxd2+ 23. Rxd2 Rxe8 24. a3 Nxe4 25. Re1 Nf6 26. Rxe8+ Nxe8 27. Rd3 Bb7 28. Bb3 Nf6 29. g5 Nh5 30. Rxf3 Rf8 31. Re3 Rxf2 32. Re8+ Rf8 33. Re7 Rf7 34. Re8+ Kg7 35. Rb8 Ba6 36. a4 Bf1 37. a5 Nf4 38. Kd2 Nxh3 39. Ba4 Nxg5 40. Bc6 Ne4+ 41. Ke3 Re7 42. Kd4 h5 43. b4 h4 44. b5 h3 45. a6 h2 46. a7 h1=Q 47.
Rg8+ Kxg8 48. a8=Q+ Kg7 49. Qa1 Qg1# 0-1

[Event "*** SCC Grand Prix: Titled Tuesday Blitz"]
[Site "Chess.com"]
[Date "2020.07.07"]
[Round "6"]
[White "shnitez"]
[Black "imdarealist"]
[Result "1-0"]
[WhiteElo "2506"]
[BlackElo "2338"]
[TimeControl "180+1"]
[EndTime "11:06:50 PDT"]
[Termination "shnitez won by checkmate"]

1. d4 d5 2. c4 e6 3. Nf3 Nf6 4. Nc3 Be7 5. e3 O-O 6. Qc2 b6 7. cxd5 exd5 8. Bd3 Bb7 9. O-O h6 10. Rd1 Nbd7 11. a3 a6 12. b4 Re8 13. Bb2 Bd6 14. Qb3 Qe7 15. Rac1 Rac8 16. Rc2 b5 17. Re1 Qf8 18.
Rce2 Nb6 19. Ne5 Nc4 20. f4 Rcd8 21. Rf1 Nd7 22. Rf3 f6 23. Ng6 Qf7 24. Bc1 f5 25. Ne5 Qe6 26. Qc2 Rf8 27. g4 Ndxe5 28. fxe5 fxg4 29.
Bf5 Qe8 30. Bxg4 Rxf3 31. Bxf3 Be7 32. Rg2 Bg5 33. Qe2 c6 34. Qf2 Bc8 35. h4 Be7 36.
Qg3 Qf7 37. Bh5 Qf8 38. Ne2 Kh8 39. Nf4 Bf5 40. Bg6 Nb6 41. Bxf5 Qxf5 42. Qxg7# 1-0

[Event "*** SCC Grand Prix: Titled Tuesday Blitz"]
[Site "Chess.com"]
[Date "2020.07.07"]
[Round "6"]
[White "larisakalinina"]
[Black "crazychessbr"]
[Result "1-0"]
[WhiteElo "1932"]
[BlackElo "2056"]
[TimeControl "180+1"]
[EndTime "11:06:50 PDT"]
[Termination "larisakalinina won on time"]

1. e4 e6 2. d3 d5 3. Qe2 Nf6 4. Nf3 Nc6 5. e5 Nd7 6. g3 f6 7.
exf6 Qxf6 8. Nc3 Bc5 9. Bg2 O-O 10. O-O Nb6 11. Bg5 Qf7 12. Bf4 Nd7 13. Ng5 Qf6 14.
Qxe6+ Kh8 15. Qh3 h6 16. Nxd5 Qg6 17. Nxc7 Rxf4 18. gxf4 Nf8 19. Qh4 Rb8 20. Bd5 Nd8 21. Nb5 Bf5 22. Nc3 Qd6 23. Be4 Bd7 24. Rae1 Kg8 25.
Bd5+ Kh8 26. Nge4 Qb6 27. b3 Bd4 28. Na4 Bxa4 29. bxa4 Nc6 30. Nd6 Ng6 31. Nf7+ Kh7 32. Qh5 Nxf4 33. Qf5+ g6 34. Qxf4 Ne7 35. Ne5 Nf5 36.
Be4 Qd6 37. Nxg6 Qxg6+ 38. Kh1 1-0